 Dungeon Crawl Stone Soup version 0.19.5 (webtiles) character file.

292 Gargoyl the Skirmisher (level 6, -6/53 HPs)
             Began as a Ghoul Abyssal Knight on May 15, 2017.
             Was a Believer of Lugonu.
             Mangled by a wight
             ... wielding a +4 great sword of freezing
              (15 damage)
             ... on level 3 of the Dungeon.
             The game lasted 00:04:24 (1998 turns).

Gargoyl the Skirmisher (Ghoul Abyssal Knight)       Turns: 1998, Time: 00:04:25

Health: -6/53      AC: 11    Str: 16    XL:     6   Next: 33%
Magic:  7/7        EV:  7    Int:  7    God:    Lugonu [**....]
Gold:   131        SH:  0    Dex: 10    Spells: 0 memorised, 5 levels left

rFire  . . .     SeeInvis .     a - +2 hand axe
rCold  + . .     Gourm    .     d - +0 chain mail
rNeg   + + +     Faith    .     (no shield)
rPois  ∞         Spirit   .     (no helmet)
rElec  .         Reflect  .     f - +0 cloak (curse)
rCorr  .         Harm     .     j - +0 pair of gloves
MR     .....                    (no boots)
Stlth  ..........               (no amulet)
                                (no ring)
                                (no ring)

@: rotting
A: rotting body, claws 1, carnivore 3, cold resistance 1, negative energy
resistance 3, slow regeneration 1, torment resistance, unbreathing
a: Depart the Abyss, Bend Space, Renounce Religion


You were on level 3 of the Dungeon.
You worshipped Lugonu.
Lugonu was pleased with you.
You were not hungry.

You visited 1 branch of the dungeon, and saw 3 of its levels.
You visited the Abyss 1 time.

You collected 131 gold pieces.

Inventory:

Hand Weapons
 a - a +2 hand axe (weapon)
Armour
 d - a +0 chain mail (worn)
 f - a cursed +0 cloak (worn)
 j - a +0 pair of gloves (worn)
Scrolls
 b - 2 scrolls of identify
 e - a scroll of blinking
 h - a scroll of recharging
Comestibles
 c - 2 meat rations
 g - a chunk of flesh


   Skills:
 + Level 4.5 Fighting
 + Level 3.5 Axes
 * Level 3.6 Armour
 + Level 1.3 Dodging
 * Level 2.9 Invocations


You had 5 spell levels left.
You didn't know any spells.

Dungeon Overview and Level Annotations

Branches:
Dungeon (3/15)

Altars:
Xom


Innate Abilities, Weirdness & Mutations

Your body is rotting away.
You thrive on raw meat.
You are immune to poison.
You have sharp fingernails.
You are carnivorous and can eat meat at any time.
Your flesh is cold resistant. (rC+)
You are immune to negative energy. (rN+++)
You regenerate slowly when monsters are visible.
You are immune to unholy pain and torment.
You can survive without breathing.


Message History

Your chain mail prevents you from hitting the wight.
The wight hits you with a great sword of freezing!
The wight freezes you.
You closely miss the wight.
The wight hits you with a great sword of freezing!
* * * LOW HITPOINT WARNING * * *
The wight freezes you.
* * * LOW HITPOINT WARNING * * *
You slash the wight!
The wight is heavily damaged.
The wight closely misses you.
You hit the wight but do no damage.
The wight is heavily damaged.
You hit the wight but do no damage.
The wight is heavily damaged.
The wight hits you but does no damage.
You completely miss the wight.
The wight is moderately damaged.
The wight hits you with a great sword of freezing!
You die...

#..# #..# #..# #
###########..#
##.
.%...z.Sl.O<.#
...##...######.##
#.#.# ## #.#
#..#####.####.#
#...zlz@......#
##!#>z##.######
#...#.## ##...#
#..## ####..#
#.....# #.##.##
#.##.#


You could see 3 wights and a frilled lizard.

Vanquished Creatures
  Sigmund (D:2)
  A wight (D:3)
  4 adders
  4 dart slugs
  2 leopard geckos
  5 orcs (D:3)
  3 giant cockroaches
  A goblin (D:1)
  4 hobgoblins (D:1)
  2 jackals (D:1)
  3 kobolds
  A ball python (D:3)
  7 bats
  4 frilled lizards
  9 rats
51 creatures vanquished.

Notes
Turn   | Place    | Note
-------+----------+-------------------------------------------
     0 | Abyss:1  | Gargoyl the Ghoul Abyssal Knight began the quest for the Orb.
     0 | Abyss:1  | Reached XP level 1. HP: 19/19 MP: 1/1
   106 | Abyss:2  | Noticed a large abomination
   107 | D:1      | Escaped the Abyss
   278 | D:1      | Reached XP level 2. HP: 21/26 MP: 2/2
   293 | D:1      | Reached * piety under Lugonu
   297 | D:1      | Reached skill level 1 in Dodging
   607 | D:1      | Reached XP level 3. HP: 33/33 MP: 3/3
   979 | D:2      | Found a shimmering altar of Xom.
  1146 | D:2      | Reached skill level 4 in Fighting
  1168 | D:2      | Found a faded altar of an unknown god.
  1331 | D:2      | Reached XP level 4. HP: 32/40 MP: 4/4
  1395 | D:2      | Noticed Sigmund
  1415 | D:2      | Killed Sigmund
  1415 | D:2      | Reached XP level 5. HP: 14/47 MP: 4/6
  1626 | D:2      | Reached XP level 6. HP: 47/53 MP: 7/7
  1668 | D:3      | Reached ** piety under Lugonu
  1998 | D:3      | Mangled by a wight

Skill      XL: |  1  2  3  4 |
---------------+-------------+-----
Axes           | 2 3 |  3.5
Dodging        | 1 |  1.3
Armour         | 2 3 |  3.6
Fighting       | 4 |  4.5
Invocations    | |  2.9

Action                   |  1- 3 |  4- 6 || total
-------------------------+-------+-------++-------
Melee: Hand axe          |   118 |   112 ||   230
Invok: Depart the Abyss  |     1 |       ||     1
  Use: Scroll            |     4 |     2 ||     6
       Potion            |     2 |     2 ||     4
  Eat: Chunk             |     7 |    10 ||    17
Armor: Chain mail        |    93 |    74 ||   167
Dodge: Dodged            |    56 |    42 ||    98
